 Dungeon Crawl Stone Soup version 0.20.0 (webtiles) character file.

169 Danakh the Chopper (level 5, 0/32 HPs)
             Began as a Tengu Warper on May 31, 2017.
             Engulfed by an orc wizard's steam (11 damage)
             ... on level 4 of the Dungeon.
             The game lasted 00:09:25 (4094 turns).

Danakh the Chopper (Tengu Warper)                   Turns: 4094, Time: 00:09:32

Health: 0/32       AC: 10    Str: 13    XL:     5   Next: 50%
Magic:  0/9        EV:  8    Int: 13    God:
Gold:   236        SH:  0    Dex: 17    Spells: 6/8 levels left

rFire    . . .     SeeInvis .   o - +0 hand axe (drain)
rCold    . . .     Gourm    .   (no shield)
rNeg     . . .     Faith    .   p - +0 chain mail
rPois    .         Spirit   +   (helmet restricted)
rElec    .         Reflect  .   s - +0 cloak
rCorr    .         Harm     .   (no gloves)
MR       .....                  (boots unavailable)
Stlth    ..........             u - amulet of guardian spirit
Regen    0.1/turn               n - +4 ring of dexterity
MPRegen  0.2/turn               (no ring)

@: flying quickly and evasively, quick
A: beak, talons 3, able to fly 1
a: no special abilities


You were on level 4 of the Dungeon.
You were not hungry.

You visited 1 branch of the dungeon, and saw 4 of its levels.

You collected 236 gold pieces.

Inventory:

Hand Weapons
 a - a +1 hand axe
 o - a +0 hand axe of draining (weapon)
Missiles
 e - 5 tomahawks of dispersal (quivered)
 w - 3 tomahawks
Armour
 b - a +0 leather armour
 p - a +0 chain mail (worn)
 s - a +0 cloak (worn)
Jewellery
 n - a +4 ring of dexterity (left hand)
 u - an amulet of guardian spirit (around neck)
Scrolls
 d - 2 scrolls of blinking
 l - 2 scrolls of remove curse
 m - a scroll of recharging {unknown}
 q - a scroll of fog {unknown}
Potions
 h - 2 potions of brilliance
 j - 2 potions of curing
 k - a potion of mutation {unknown}
 r - a potion of lignification
 z - a potion of agility {unknown}
 A - 2 potions of berserk rage {unknown}
Books
 c - a book of Spatial Translocations

   Spells                             Type                      Level
   a - Blink                          Translocation                2
   b - Shroud of Golubria             Charms/Translocation         2
   c - Lesser Beckoning               Translocation                3
   d - Gell's Gravitas                Translocation                3
   e - Teleport Other                 Translocation                3
   f - Passage of Golubria            Translocation                4
Comestibles
 f - 2 bread rations
 g - 2 meat rations
 i - 6 royal jellies
 t - a chunk of flesh


   Skills:
 + Level 3.3 Fighting
 * Level 4.1 Axes
 - Level 1.0 Throwing
 + Level 2.5 Armour
 - Level 2.9 Dodging
 - Level 2.0 Spellcasting
 - Level 2.4 Translocations


You had 6 spell levels left.
You knew the following spells:

 Your Spells              Type           Power        Failure   Level  Hunger
b - Blink                 Tloc           N/A          99%         2    ###....


Dungeon Overview and Level Annotations

Branches:
Dungeon (4/15)
 Temple: D:4-7

Altars:
Cheibriados
Uskayaw
Zin

Annotations:
D:3 2 transporters, Sigmund


Innate Abilities, Weirdness & Mutations

You have a beak for a mouth.
You have claws for feet.
You can fly.


Message History

You feel somewhat more hungry.
The orc priest looks braver for a moment.
The orc wizard gestures wildly while chanting.
The orc wizard seems to speed up.
The orc wizard splashes around in the water.
The orc priest hits you with a hand axe.
Your chain mail prevents you from hitting the orc wizard.
You closely miss the orc priest.
The orc wizard gestures at you while chanting.
The puff of flame hits you!
The orc priest invokes the aid of Beogh against you.
Beogh smites you! The orc wizard closely misses you.
Unknown command.
You closely miss the orc wizard. Your kick misses the orc wizard.
You hit the orc priest. You drain the orc priest!
You hit the kobold but do no damage. You drain the kobold!
You kill the kobold!
You hear a splash.
You are engulfed in a cloud of scalding steam.
You die...

###....o...####............).
≈≈≈........# #..............
≈≈≈≈....#######..............
≈≈≈≈≈≈###.....###............
≈#### .......)...##########
K#####))....#........
###≈≈≈####...#........
######≈≈≈≈o)≈≈K...+........
#######.#.≈≈≈≈≈≈@o≈##..##.###...#
.......##...##≈≈≈########+###...#
.......#...........+......+.....#
.......'...........#......#.....#
.......#...........#......#.....#
.......##########'## #..# ####..#
#######.......#....###..######..#
#.....#.......#.................#
#.........[...+.................#


You could see an orc priest, an orc wizard and a kobold.

Vanquished Creatures
  9 adders
  2 oozes
  5 dart slugs
  2 leopard geckos
  An orc (D:3)
  3 giant cockroaches
  3 goblins
  12 hobgoblins
  3 jackals (D:1)
  A quokka (D:2)
  5 bats
  6 frilled lizards
  12 kobolds
  9 rats
73 creatures vanquished.

Notes
Turn   | Place    | Note
-------+----------+-------------------------------------------
     0 | D:1      | Danakh the Tengu Warper began the quest for the Orb.
     0 | D:1      | Reached XP level 1. HP: 12/12 MP: 4/4
   206 | D:1      | Reached XP level 2. HP: 3/17 MP: 6/6
   210 | D:1      | Learned a level 2 spell: Blink
  1004 | D:1      | Reached XP level 3. HP: 15/21 MP: 7/7
  1691 | D:2      | Reached skill level 3 in Axes
  1799 | D:2      | Reached XP level 4. HP: 9/27 MP: 8/8
  2723 | D:2      | Gained mutation: You can fly. [Tengu growth]
  2723 | D:2      | Reached XP level 5. HP: 32/32 MP: 9/9
  2969 | D:3      | Noticed Sigmund
  3145 | D:3      | Noticed an ice beast
  3152 | D:3      | Found a hide-covered altar of Uskayaw.
  3223 | D:3      | Reached skill level 4 in Axes
  3542 | D:3      | Found a snail-covered altar of Cheibriados.
  3652 | D:4      | Found a glowing silver altar of Zin.
  4094 | D:4      | Engulfed by an orc wizard's steam

Skill      XL: |  1  2  3  4  5 |
---------------+----------------+-----
Axes           | 3 4 |  4.1
Armour         | 2 |  2.5
Fighting       | 3 |  3.3
Throwing       | |  1.0
Dodging        | |  2.9
Spellcasting   | |  2.0
Translocations | |  2.4

Action                   |  1- 3 |  4- 6 || total
-------------------------+-------+-------++-------
Melee: Hand axe          |    96 |   120 ||   216
       Kick              |    25 |    23 ||    48
       Peck              |    14 |    17 ||    31
 Abil: Fly               |       |     2 ||     2
  Use: Scroll            |       |    11 ||    11
  Eat: Chunk             |     2 |     6 ||     8
       Bread ration      |       |     1 ||     1
Armor: Leather armour    |    31 |       ||    31
       Chain mail        |    21 |    73 ||    94
Dodge: Dodged            |    69 |    42 ||   111
